 Dungeon Crawl Stone Soup version 0.20.1-1-g8b1a95d (webtiles) character file.

10321 richnich the Cleaver (level 11, -7/101 HPs)
             Began as a Minotaur Fighter on Nov 4, 2017.
             Was a Follower of Uskayaw.
             Mangled by a spiny frog (12 damage)
             ... on level 2 of the Lair of Beasts.
             The game lasted 00:53:19 (9814 turns).

richnich the Cleaver (Minotaur Fighter)             Turns: 9814, Time: 00:53:20

Health: -7/101     AC: 21    Str: 22    XL:     11   Next: 34%
Magic:  10/10      EV:  7    Int:  8    God:    Uskayaw [*.....]
Gold:   490        SH:  0    Dex: 11    Spells: 10/10 levels left

rFire    + . .     SeeInvis +   E - +3 battleaxe
rCold    + . .     Gourm    .   (shield currently unavailable)
rNeg     . . .     Faith    .   d - +1 plate armour
rPois    +         Spirit   .   (helmet unavailable)
rElec    +         Reflect  .   y - +1 cloak
rCorr    +         Harm     .   q - +1 pair of gloves
MR       .....                  (no boots)
Stlth    ..........             (no amulet)
Regen    0.3/turn               p - ring of see invisible
MPRegen  0.2/turn               x - +2 ring of intelligence

@: lethally poisoned (-7 -> -18), resistant
A: retaliatory headbutt, horns 3, low mp 1, screaming 1
a: Stomp, Renounce Religion


You were on level 2 of the Lair of Beasts.
You worshipped Uskayaw.
Uskayaw was noncommittal.
You were not hungry.

You visited 2 branches of the dungeon, and saw 10 of its levels.

You collected 490 gold pieces.

Inventory:

Hand Weapons
 a - a +1 demon blade of electrocution
 e - a +4 scimitar of flaming
 u - a +1 dagger of flaming
 E - a +3 battleaxe (weapon)
Armour
 d - a +1 plate armour (worn)
 q - a +1 pair of gloves (worn)
 y - a +1 cloak (worn)
Jewellery
 g - a cursed ring of teleportation {unknown}
 p - a ring of see invisible (left hand)
 x - a +2 ring of intelligence (right hand)
 A - a cursed ring of teleportation {unknown}
 K - an uncursed ring of ice
Wands
 c - a wand of lightning (7/15)
 v - a wand of scattershot (3/9)
 G - a wand of lightning (12/15)
 H - a wand of confusion (17/48)
Scrolls
 b - a scroll of amnesia {unknown}
 k - a scroll of teleportation
 o - 4 scrolls of remove curse
 t - 2 scrolls of noise
 w - 2 scrolls of fear
 B - a scroll of blinking {unknown}
 D - a scroll of silence {unknown}
Potions
 h - a potion of invisibility
 j - a potion of ambrosia
 r - a potion of agility
Books
 C - a book of Flames

   Spells                             Type                      Level
   a - Flame Tongue                   Conjuration/Fire             1
   b - Throw Flame                    Conjuration/Fire             2
   c - Conjure Flame                  Conjuration/Fire             3
   d - Inner Flame                    Hexes/Fire                   3
   e - Sticky Flame                   Conjuration/Fire             4
   f - Fireball                       Conjuration/Fire             5
 F - a book of Transfigurations

   Spells                             Type                      Level
   a - Irradiate                      Conjuration/Transmutation    5
   b - Statue Form                    Transmutation/Earth          6
   c - Hydra Form                     Transmutation                6
   d - Dragon Form                    Transmutation                7
 I - a book of Geomancy

   Spells                             Type                      Level
   a - Sandblast                      Earth                        1
   b - Passwall                       Transmutation/Earth          2
   c - Stone Arrow                    Conjuration/Earth            3
   d - Petrify                        Transmutation/Earth          4
   e - Lee's Rapid Deconstruction     Earth                        5
Comestibles
 f - 8 bread rations
 i - 6 meat rations
 l - 10 fruits
 n - 6 royal jellies


   Skills:
 + Level 10.6 Fighting
 - Level 0.9 Short Blades
 + Level 13.5 Axes
 + Level 11.0 Armour
   Level 7.4 Shields
 + Level 1.5 Invocations
 + Level 2.0 Evocations


You had 10 spell levels left.
You didn't know any spells.

Dungeon Overview and Level Annotations

Branches:
Dungeon (8/15)             Temple (0/1) D:7            Lair (2/6) D:8
  Swamp: Lair:2-4    Shoals: Lair:2-4     Snake: Lair:2-4    Spider: Lair:2-4

Altars:
Ashenzari
Cheibriados
Elyvilon
Makhleb
Ru
Sif Muna
Uskayaw
Vehumet

Annotations:
D:5 1 runed door


Innate Abilities, Weirdness & Mutations

You reflexively headbutt those who attack you in melee.
You have a pair of large horns on your head.
Your magical capacity is low. (-10% MP)
You occasionally shout uncontrollably at your foes.


Message History

You hit the spiny frog.
The spiny frog is lightly wounded.
* * * LOW HITPOINT WARNING * * *
You feel sick.
The spiny frog stings you but does no damage.
The spiny frog stings you!
* * * LOW HITPOINT WARNING * * *
You hit the spiny frog but do no damage.
The spiny frog is lightly wounded.
* * * LOW HITPOINT WARNING * * *
You feel sick.
The spiny frog stings you but does no damage.
You closely miss the spiny frog.
The spiny frog is lightly wounded.
You hit the worker ant but do no damage.
* * * LOW HITPOINT WARNING * * *
You feel sick.
The worker ant bites you but does no damage.
The spiny frog stings you!
You die...

.......... ......
........... .....
.........P #....
.......... #..#
.........#######...## #
.........P##.##.#...#P##.
................F........
................@†.......
.##P....###.#####a†......
.P###...# ### #P.......
.P# #..## ##....... ..
##..# ....... .# #...##
....... .# #P...# .......
.####...# .......
..###...#


You could see a spiny frog and a worker ant.

Vanquished Creatures
  Fannar (Lair:1)
  Erica (Lair:2)
  Nergalle (Lair:1)
  2 black mambas (Lair:1)
  3 spiny frogs
  A rime drake (Lair:1)
  A komodo dragon (Lair:1)
  2 hippogriffs (D:8)
  2 wyverns (D:8)
  4 yaks (D:6)
  2 hungry ghosts (D:7)
  3 soldier ants (Lair:2)
  5 water moccasins
  5 porcupines
  3 orc warriors (D:7)
  2 black bears
  A swamp drake (D:8)
  2 sky beasts
  An ice beast (D:5)
  An ogre (D:5)
  3 phantoms
  4 centaurs
  5 crocodiles
  A big kobold (D:7)
  8 bullfrogs
  A scorpion (D:4)
  4 wights (D:8)
  A howler monkey (D:8)
  2 jellies
  An orc priest (D:7)
  4 hounds
  A bullfrog skeleton (D:6)
  A centaur skeleton (D:7)
  3 orc wizards
  3 iguanas
  11 worker ants
  A killer bee zombie (D:7)
  A hound zombie (D:7)
  7 adders
  3 gnolls (D:2)
  A shadow imp (D:5)
  An ooze (D:1)
  4 worms
  A dart slug (D:3)
  8 leopard geckos
  18 orcs
  3 ball pythons
  4 giant cockroaches
  6 goblins
  9 hobgoblins
  5 jackals
  6 kobolds
  2 quokkas
  7 bats
  5 frilled lizards
  A giant cockroach zombie (D:5)
  A jackal skeleton (D:5)
  A leopard gecko zombie (D:8)
  8 rats
  A fungus (Lair:1)
  2 plants (Lair:2)
202 creatures vanquished.

Vanquished Creatures (others)
  An orc wizard (D:7)
  A giant cockroach (D:2)
  4 fungi
  2 plants (Lair:1)
8 creatures vanquished.

Grand Total: 210 creatures vanquished

Notes
Turn   | Place    | Note
-------+----------+-------------------------------------------
     0 | D:1      | richnich the Minotaur Fighter began the quest for the Orb.
     0 | D:1      | Reached XP level 1. HP: 19/19 MP: 0/0
   134 | D:1      | Reached XP level 2. HP: 24/27 MP: 1/1
   951 | D:2      | Reached skill level 3 in Axes
   951 | D:2      | Reached XP level 3. HP: 29/34 MP: 2/2
  1249 | D:2      | Found a faded altar of an unknown god.
  1374 | D:2      | Reached XP level 4. HP: 38/41 MP: 3/3
  1569 | D:2      | Found a radiant altar of Vehumet.
  1997 | D:3      | Reached skill level 4 in Axes
  2105 | D:3      | Found a white marble altar of Elyvilon.
  2175 | D:3      | Noticed a dagger
  2175 | D:3      | Noticed a dagger
  2185 | D:3      | Found a hide-covered altar of Uskayaw.
  2196 | D:3      | Became a worshipper of Uskayaw the Reveler
  2268 | D:3      | Reached * piety under Uskayaw
  2270 | D:3      | Reached ** piety under Uskayaw
  2464 | D:4      | Noticed a bullfrog
  2476 | D:4      | Killed a bullfrog
  2476 | D:4      | Reached skill level 5 in Axes
  2476 | D:4      | Reached skill level 5 in Armour
  2476 | D:4      | Reached XP level 5. HP: 38/47 MP: 0/4
  2664 | D:4      | Reached XP level 6. HP: 42/55 MP: 5/5
  2725 | D:4      | Found a sacrificial altar of Ru.
  2955 | D:4      | Found a burning altar of Makhleb.
  3109 | D:5      | Entered Level 5 of the Dungeon
  3138 | D:5      | Reached *** piety under Uskayaw
  3139 | D:5      | Reached skill level 6 in Axes
  3140 | D:5      | Reached **** piety under Uskayaw
  3160 | D:5      | Found a white marble altar of Elyvilon.
  3161 | D:5      | Found a runed door.
  3161 | D:5      | Noticed an angel
  3232 | D:5      | Reached skill level 5 in Fighting
  3566 | D:5      | Reached skill level 7 in Axes
  3566 | D:5      | Reached XP level 7. HP: 33/61 MP: 6/6
  3940 | D:5      | Reached skill level 8 in Axes
  4117 | D:6      | Noticed a yak
  4117 | D:6      | Noticed a yak
  4117 | D:6      | Noticed a yak
  4117 | D:6      | Noticed a yak
  4155 | D:6      | Killed a yak
  4155 | D:6      | Reached XP level 8. HP: 26/70 MP: 3/7
  4158 | D:6      | Reached skill level 9 in Axes
  4160 | D:6      | Reached ***** piety under Uskayaw
  4224 | D:6      | Reached skill level 10 in Axes
  4675 | D:6      | Reached XP level 9. HP: 77/79 MP: 8/8
  4836 | D:7      | Reached skill level 11 in Axes
  5260 | D:7      | Found a deep blue altar of Sif Muna.
  5365 | D:7      | Found a staircase to the Ecumenical Temple.
  5664 | D:7      | Reached skill level 12 in Axes
  5665 | D:7      | Found a deep blue altar of Sif Muna.
  6009 | D:8      | Reached XP level 10. HP: 86/90 MP: 9/9
  6072 | D:8      | Reached skill level 5 in Shields
  6103 | D:8      | Found a shattered altar of Ashenzari.
  6109 | D:8      | Found a snail-covered altar of Cheibriados.
  6353 | D:8      | Found a staircase to the Lair.
  6601 | Lair:1   | Entered Level 1 of the Lair of Beasts
  6630 | Lair:1   | Noticed Nergalle
  6650 | Lair:1   | Killed Nergalle
  6650 | Lair:1   | Reached skill level 10 in Armour
  6956 | Lair:1   | Noticed a black mamba
  6964 | Lair:1   | Killed a black mamba
  7038 | Lair:1   | Noticed a spiny frog
  7057 | Lair:1   | Killed a spiny frog
  7215 | Lair:1   | Noticed a spiny frog
  7241 | Lair:1   | Noticed a spiny frog
  7268 | Lair:1   | Killed a spiny frog
  7268 | Lair:1   | Reached skill level 10 in Fighting
  7574 | Lair:1   | Reached skill level 13 in Axes
  7954 | Lair:1   | Noticed Fannar
  7984 | Lair:1   | Killed Fannar
  7984 | Lair:1   | Reached XP level 11. HP: 17/100 MP: 10/10
  8327 | Lair:1   | Noticed a four-headed hydra
  9127 | Lair:1   | Gained mutation: You occasionally shout uncontrollably at your foes. [potion of mutation]
  9127 | Lair:1   | Gained mutation: Your magical capacity is low. (-10% MP) [potion of mutation]
  9127 | Lair:1   | Gained mutation: You have a pair of large horns on your head. [potion of mutation]
  9458 | Lair:1   | Identified a scroll of acquirement
  9688 | Lair:2   | Reached skill level 1 in Evocations
  9743 | Lair:2   | Noticed Erica
  9753 | Lair:2   | Killed Erica
  9753 | Lair:2   | Reached skill level 1 in Invocations
  9814 | Lair:2   | HP: 5/101 [poisoned by a spiny frog]
  9814 | Lair:2   | Mangled by a spiny frog

Skill      XL: |  1  2  3  4  5  6  7  8  9 10 11 |
---------------+----------------------------------+-----
Fighting       | 4 5 6 7 8 10 | 10.6
Armour         | 4 5 6 8 9 10 11 | 11.0
Axes           | 3 5 7 8 10 12 13 | 13.5
Shields        | 4 7 |  7.4
Evocations     | 2 |  2.0
Invocations    | 1 |  1.5
Short Blades   | |  0.9

Action                   |  1- 3 |  4- 6 |  7- 9 | 10-12 || total
-------------------------+-------+-------+-------+-------++-------
Melee: War axe           |    60 |   142 |   293 |    19 ||   514
       Headbutt          |     5 |    23 |    51 |    50 ||   129
       Battleaxe         |       |       |       |   173 ||   173
       Dagger            |       |       |       |    34 ||    34
Invok: Stomp             |       |     1 |       |     2 ||     3
       Line Pass         |       |       |     1 |       ||     1
  Use: Scroll            |       |    11 |     1 |     9 ||    21
       Potion            |       |       |     6 |     5 ||    11
 Stab: Paralysed         |       |     1 |     7 |    15 ||    23
  Eat: Chunk             |     1 |     8 |     5 |     4 ||    18
       Bread ration      |       |       |     1 |     2 ||     3
       Fruit             |       |       |     6 |       ||     6
       Royal jelly       |       |       |       |     1 ||     1
Armor: Scale mail        |    22 |    52 |    70 |       ||   144
       Plate armour      |       |       |    76 |   159 ||   235
Dodge: Dodged            |    16 |    32 |    66 |    69 ||   183
Block: Shield            |    23 |    67 |   132 |     4 ||   226
